 Dungeon Crawl Stone Soup version 0.24-a0-584-g9d6b971 (webtiles) character file.

Game seed: 5834672945131408009, levelgen mode: deterministic

205 Dorkslayer the Sneak (level 5, -4/54 HPs)
             Began as an Octopode Assassin on Aug 29, 2019.
             Was a Follower of Nemelex Xobeh.
             Killed from afar by a worker ant (26 damage)
             ... with an exploding inner flame
             ... hexed by the player character
             ... on level 4 of the Dungeon on Aug 30, 2019.
             The game lasted 00:13:14 (2080 turns).

Dorkslayer the Sneak (Octopode Assassin)            Turns: 2080, Time: 00:13:14

Health: -4/54      AC: 22    Str: 10    XL:     5   Next: 83%
Magic:  5/7        EV:  2    Int: 14    God:    Nemelex Xobeh [*.....]
Gold:   75         SH:  0    Dex: 14    Spells: 7/7 levels left

rFire    . . .     SeeInvis .   a - +2 dagger
rCold    . . .     Gourm    .   (no shield)
rNeg     + + +     Faith    .   (helmet currently unavailable)
rPois    +         Spirit   .   (no amulet)
rElec    .         Reflect  .   (no ring)
rCorr    .         Harm     .   (no ring)
MR       .....     NoTele   +   (no ring)
Stlth    +++.......             (no ring)
HPRegen  0.18/turn              (no ring)
MPRegen  0.10/turn              (no ring)
                                (no ring)
                                (no ring)

@: tree-form (expiring)
A: almost no armour, stealthy swim, (amphibious), 8 rings, (constrict 8)
a: Draw Escape, Draw Destruction, Draw Summoning, Renounce Religion


You were on level 4 of the Dungeon.
You worshipped Nemelex Xobeh.
Nemelex Xobeh was aware of your devotion.
You were hungry.
You were a tree.
You visited 1 branch of the dungeon, and saw 4 of its levels.

You collected 75 gold pieces.

Inventory:

Hand Weapons
 a - a +2 dagger (weapon)
Missiles
 b - 26 poisoned darts (quivered)
 c - 2 curare-tipped darts
Scrolls
 n - a scroll of teleportation
 o - a scroll of enchant armour {unknown}
Potions
 h - a potion of lignification
 m - a potion of invisibility {unknown}
 p - a potion of agility {unknown}
 q - a potion of flight {unknown}
Comestibles
 d - 5 rations
 f - 2 chunks of flesh


   Skills:
 * Level 2.8 Fighting
 + Level 2.6 Short Blades
 * Level 2.7 Throwing
 * Level 2.1 Dodging
 + Level 7.0 Stealth
 * Level 1.6 Spellcasting


You had 7 spell levels left.
You didn't know any spells.
Your spell library was empty.

Dungeon Overview and Level Annotations

Branches:
Dungeon (4/15)
 Temple: D:4-7

Altars:
Nemelex Xobeh
Okawaru


Innate Abilities, Weirdness & Mutations

You cannot wear most types of armour.
You are very stealthy in the water. (Stealth+)
((You are amphibious.))
You can wear up to eight rings at the same time.
((You can use your tentacles to constrict eight enemies at once.))
((Your skin changes colour to match your surroundings (Stealth+).))
((Your rubbery body absorbs attacks. (AC +1, EV +1)))


Message History

The worker ant is poisoned.
The worker ant is almost dead.
The worker ant explodes!
The fiery explosion engulfs the orc!!
The orc explodes!
The fiery explosion engulfs the ogre!!!
The ogre explodes!
The fiery explosion engulfs the orc priest!!
The orc priest explodes!
The fiery explosion engulfs the orc!!!
The orc explodes!
The fiery explosion engulfs the phantom!!
The phantom is almost destroyed.
You have reached level 5!
You feel clever.
Your Dodging skill increases to level 2!
Your Stealth skill increases to level 7!
The fiery explosion engulfs you!!
You die...
Your body disappears without a glow.

#o#.######...#.#..
#.#.# ##......
#.#.#### #..#.#.#
##.#.%... ..#...##
########§§§..#
####.##
.....§W§§§§W.# .#
...#####§§§#.# #
##§##.# #♣# # #.#
#.. ####


You could see a phantom (inner flame).

Vanquished Creatures
  An ogre (D:4)
  An orc priest (D:4)
  2 adders
  2 oozes
  A worm (D:2)
  A dart slug (D:2)
  6 leopard geckos
  3 orcs
  A ball python (D:1)
  2 giant cockroaches
  8 goblins
  2 hobgoblins (D:2)
  A quokka (D:2)
  5 bats
  7 frilled lizards
  9 kobolds
  2 rats
54 creatures vanquished.

Notes
Turn   | Place    | Note
-------+----------+-------------------------------------------
     0 | D:1      | Dorkslayer the Octopode Assassin began the quest for the
                  | Orb.
     0 | D:1      | Reached XP level 1. HP: 14/14 MP: 1/1
   219 | D:1      | Reached XP level 2. HP: 19/19 MP: 2/2
   559 | D:1      | Reached XP level 3. HP: 25/25 MP: 3/3
  1090 | D:2      | Reached skill level 6 in Stealth
  1225 | D:2      | Reached skill level 1 in Spellcasting
  1234 | D:2      | Reached XP level 4. HP: 30/30 MP: 5/5
  1329 | D:2      | Found a sparkling altar of Nemelex Xobeh.
  1345 | D:2      | Became a worshipper of Nemelex Xobeh the Trickster
  1356 | D:2      | Received a gift from Nemelex Xobeh
  1804 | D:3      | Reached * piety under Nemelex Xobeh
  1842 | D:3      | Found an iron altar of Okawaru.
  2026 | D:4      | Noticed an ogre
  2047 | D:4      | Noticed a phantom
  2080 | D:4      | Killed an ogre
  2080 | D:4      | Reached XP level 5. HP: 21/35 MP: 5/7
  2080 | D:4      | Reached skill level 7 in Stealth
  2080 | D:4      | Killed from afar by a worker ant

Levels and vault maps discovered:
D:1:      nagdon_arrival_zigzag_paths, layout_loops_ring, dk_noncrumbling_2,
          minmay_stone_trees_small
D:2:      layout_basic, nicolae_overflow_crystal_walls
D:3:      layout_basic, lemuel_doored_altar
D:4:      layout_loops_ring

Skill      XL: |  1  2  3  4  5 |
---------------+----------------+-----
Stealth        | 6 7 |  7.0
Spellcasting   | 1 |  1.6
Dodging        | 2 |  2.1
Fighting       | |  2.8
Short Blades   | |  2.6
Throwing       | |  2.7

Action                   |  1- 3 |  4- 6 || total
-------------------------+-------+-------++-------
Melee: Dagger            |    63 |    43 ||   106
       Constrict         |     9 |     6 ||    15
       Tentacles         |     7 |     3 ||    10
Throw: Dart              |     6 |     2 ||     8
 Abil: Draw Destruction  |       |     3 ||     3
       Draw Escape       |       |     2 ||     2
  Use: Scroll            |       |     7 ||     7
       Potion            |       |     4 ||     4
 Stab: Sleeping          |    14 |     7 ||    21
       Distracted        |     1 |       ||     1
  Eat: Chunk             |     1 |     2 ||     3
Armor: Skin              |     2 |    22 ||    24
Dodge: Dodged            |    25 |    15 ||    40

Table legend:
 A = Non-vault XP
 B = Vault XP
 C = Vault XP percentage of total XP
 D = Non-vault monster count
 E = Vault monster count
 F = Vault count percentage of total count
                 A         B        C        D         E       F
            +---------+---------+-------+---------+---------+-------
      Total |     294 |       0 |   0.0 |      54 |       0 |   0.0
            +---------+---------+-------+---------+---------+-------
        D:1 |      56 |       0 |   0.0 |      30 |       0 |   0.0
        D:2 |      44 |       0 |   0.0 |      15 |       0 |   0.0
        D:3 |      26 |       0 |   0.0 |       5 |       0 |   0.0
        D:4 |     168 |       0 |   0.0 |       4 |       0 |   0.0
            +---------+---------+-------+---------+---------+-------
